 Dungeon Crawl Stone Soup version 0.27.1 (webtiles) character file.

Game seed: 12194573446447021249

126 Sabo the Covered (level 5, 0/33 HPs)
             Began as a Gargoyle Fighter on Sept 3, 2021.
             Slain by Sigmund (2 damage)
             ... on level 2 of the Dungeon.
             The game lasted 00:09:03 (2602 turns).

Sabo the Covered (Gargoyle Fighter)                 Turns: 2602, Time: 00:09:03

Health: 0/33       AC: 11    Str: 20    XL:     5   Next: 9%
Magic:  5/5        EV:  7    Int:  9    God:
Gold:   48         SH:  9    Dex:  9    Spells: 4/4 levels left

rFire    . . .     SeeInvis .   a - +0 war axe
rCold    . . .     Faith    .   c - +0 kite shield
rNeg     + . .     Spirit   .   b - +0 scale mail
rPois    ∞         Reflect  .   (no helmet)
rElec    +         Harm     .   (no cloak)
rCorr    .         Rampage  .   (no gloves)
Will     .....                  (no boots)
Stlth    ..........             (no amulet)
HPRegen  0.11/turn              (no ring)
MPRegen  0.09/turn              (no ring)

@: mighty
A: sickness immunity, AC +4, negative energy resistance 1, electricity
resistance, torment resistance 1, petrification resistance
a: no special abilities


You were on level 2 of the Dungeon.
You visited 1 branch of the dungeon, and saw 2 of its levels.

You collected 48 gold pieces.

Inventory:

Hand Weapons
 a - a +0 war axe (weapon)
Missiles
 e - 55 arrows
 g - 26 bolts
Armour
 b - a +0 scale mail (worn)
 c - a +0 kite shield (worn)
Scrolls
 f - 2 scrolls of identify {unknown}
 i - a scroll of fear {unknown}
Potions
 h - a potion of curing {unknown}


   Skills:
 + Level 3.8 Fighting
 + Level 2.8 Axes
 + Level 4.4 Armour
 + Level 0.7 Dodging
 + Level 0.1 Stealth
 + Level 3.9 Shields


You had 4 spell levels left.
You didn't know any spells.
Your spell library contained the following spells:

 Spells                   Type           Power      Damage    Failure   Level
 Ensorcelled Hibernation  Hex/Ice        0%         N/A       100%        2
 Spider Form              Tmut/Pois      0%         N/A       100%        3
 Shadow Creatures         Summ           N/A        N/A       100%        6


Dungeon Overview and Level Annotations

Branches:
Dungeon (2/15)

Altars:

Annotations:
D:2 Sigmund


Innate Abilities, Weirdness & Mutations

You are immune to sickness and miasma.
Your stone body is resilient. (AC +4)
You are immune to poison.
You resist negative energy. (rN+)
You are resistant to electric shocks. (rElec)
You are resistant to unholy torment.
You are immune to petrification.


Message History

You hit the bat.
You kill the bat!
A bat comes into view.
The bat barely misses you.
You closely miss the bat. The bat hits you but does no damage. x2
You hit the bat.
You kill the bat!
You see here a bat corpse.
Found a viscous pink potion.
h - a viscous pink potion
Found a scroll labelled MYGOTZYDEIT.
i - a scroll labelled MYGOTZYDEIT Sigmund the Dreaded comes into view.
He is wielding a +0 scythe.
Sigmund shouts!
A bat comes into view.
Sigmund casts a spell at you.
The magic dart hits you but does no damage.
You feel very mighty all of a sudden. You block the bat's attack.
The bat hits you but does no damage.
You miss the bat. You block the bat's attack.
Sigmund mumbles some strange words.
Sigmund flickers and vanishes!
Deactivating autopickup; reactivate with Ctrl-A.
You completely miss the bat. The bat barely misses you.
You block the bat's attack. The bat hits you but does no damage.
Something hits you.
Found 3 gold pieces.
The bat hits you but does no damage. Something hits you.
The bat barely misses you. The bat hits you but does no damage.
You hit the bat.
You kill the bat!
You miss something. Something hits you! Something hits you but does no damage.
You block something's attack. Something completely misses you.
Something hits you.
* * * LOW HITPOINT WARNING * * *
You barely miss something. Something hits you!
* * * LOW HITPOINT WARNING * * *
You closely miss something. Something hits you.
You die...

.. #. #. #####.#####
.........#
.$##.#..##.#
.........#.###########
#....@............#
.....#...###########.#
#.# #..## #.# #..# #.#
#..# ##.## ...#
##...## ##...
##.....## ....
#..^....# ...
##......##


There were no monsters in sight!

Vanquished Creatures
  A scorpion (D:2)
  2 adders (D:2)
  2 worms (D:2)
  11 bats
  3 endoplasms (D:1)
  2 giant cockroaches
  3 goblins
  3 hobgoblins (D:1)
  4 jackals (D:1)
  A quokka (D:2)
  5 ball pythons
  3 frilled lizards
  2 kobolds (D:1)
  4 rats
46 creatures vanquished.

Vanquished Creatures (others)
  A plant (D:1)
1 creature vanquished.

Grand Total: 47 creatures vanquished

Notes
Turn   | Place    | Note
-------+----------+-------------------------------------------
     0 | D:1      | Sabo the Gargoyle Fighter began the quest for the Orb.
     0 | D:1      | Reached XP level 1. HP: 14/14 MP: 1/1
     6 | D:1      | Noticed a salamander
     6 | D:1      | Noticed a hound
     7 | D:1      | Noticed a swamp drake
    61 | D:1      | Reached XP level 2. HP: 19/19 MP: 2/2
  1080 | D:1      | Reached XP level 3. HP: 20/23 MP: 3/3
  1629 | D:2      | Reached skill level 4 in Armour
  1794 | D:2      | Reached XP level 4. HP: 21/29 MP: 4/4
  1977 | D:2      | Noticed a scorpion
  1995 | D:2      | Killed a scorpion
  1996 | D:2      | Reached XP level 5. HP: 6/33 MP: 5/5
  2587 | D:2      | Noticed Sigmund
  2602 | D:2      | Slain by Sigmund

Illustrated notes

Levels and vault maps discovered:
D:1:      onia_arrival_zoo_common, layout_basic, serial_bayou,
          serial_bayou_pond_a, serial_bayou_pond_e, serial_bayou_pond_e,
          serial_bayou_lagoon_a, serial_bayou_crossing, serial_bayou_pond_c,
          minmay_close_crescents
D:2:      layout_loops_corners, kennysheep_minor_cross, minmay_fountain_box,
          uniq_sigmund

Skill      XL: |  1  2  3 |
---------------+----------+-----
Axes           | 2 |  2.8
Armour         | 4 |  4.4
Fighting       | |  3.8
Dodging        | |  0.7
Stealth        | |  0.1
Shields        | |  3.9

Action                   |  1- 3 |  4- 6 || total
-------------------------+-------+-------++-------
Melee: War axe           |   119 |    30 ||   149
  Use: Potion            |       |     1 ||     1
Armor: Scale mail        |    94 |    20 ||   114
Dodge: Dodged            |    48 |    14 ||    62
Block: Kite shield       |    79 |    13 ||    92
